 Dungeon Crawl Stone Soup version 0.28.0-43-g3370ac3207 (webtiles) character file.

Game seed: 16021536403612445076

178 Kaptain the Digger (level 5, -1/31 HPs)
             Began as a Gargoyle Earth Elementalist on Mar 24, 2022.
             Slain by Dowan
             ... wielding a +0 dagger
              (5 damage)
             ... on level 4 of the Dungeon.
             The game lasted 00:07:15 (4974 turns).

Kaptain the Digger (Gargoyle Earth Elementalist)    Turns: 4974, Time: 00:07:16

Health: -1/31      AC:  7    Str: 12    XL:     5   Next: 58%
Magic:  2/9        EV: 11    Int: 17    God:
Gold:   74         SH:  0    Dex: 10    Spells: 5/9 levels left

rFire   . . .      SeeInvis .   l - +0 short sword
rCold   . . .      Faith    .   (no shield)
rNeg    + . .      Spirit   .   f - +0 leather armour
rPois   ∞          Reflect  .   (no helmet)
rElec   +          Harm     .   (no cloak)
rCorr   .          Rampage  .   (no gloves)
Will    .....                   (no boots)
Stlth   ++........              (no amulet)
HPRegen 0.10/turn               (no ring)
MPRegen 0.11/turn               (no ring)

@: very slightly contaminated
A: sickness immunity, AC +4, negative energy resistance 1, electricity
resistance, torment resistance 1, petrification resistance
a: no special abilities


You were on level 4 of the Dungeon.
You visited 1 branch of the dungeon, and saw 4 of its levels.

You collected 102 gold pieces.
You spent 28 gold pieces at shops.

Inventory:

Hand Weapons
 l - a +0 short sword (weapon)
Missiles
 b - 48 stones
 i - a throwing net
Armour
 f - a +0 leather armour (worn)
Wands
 k - a wand of digging (6)
Scrolls
 a - 2 scrolls of enchant weapon {unknown}
 g - 2 scrolls of magic mapping {unknown}
 h - a scroll of fog {unknown}
Potions
 c - a potion of curing {unknown}
 e - 2 potions of haste
 j - a potion of mutation {unknown}


   Skills:
 * Level 2.4 Fighting
 + Level 1.4 Armour
 + Level 1.9 Dodging
 - Level 2.1 Stealth
 * Level 2.8 Spellcasting
 * Level 2.3 Conjurations
 - Level 0.7 Transmutations
 * Level 4.5 Earth Magic


You had 5 spell levels left.
You knew the following spells:

 Your Spells              Type           Power      Damage    Failure   Level
a - Sandblast             Erth           34%        2d9       3%          1
b - Stone Arrow           Conj/Erth      28%        3d8       17%         3

Your spell library contained the following spells:

 Spells                   Type           Power      Damage    Failure   Level
 Passwall                 Tmut/Erth      9%         N/A       12%         2
 Slow                     Hex            8%         N/A       22%         1
 Confusing Touch          Hex            2%         N/A       56%         3
 Vampiric Draining        Necr           2%         2d6       56%         3
 Petrify                  Tmut/Erth      11%        N/A       61%         4


Dungeon Overview and Level Annotations

Branches:
Dungeon (4/15)
 Temple: D:4-7

Altars:
Ashenzari
Cheibriados
Xom

Shops:
D:2 ?:

Annotations:
D:4 Dowan, Duvessa, Sigmund


Innate Abilities, Weirdness & Mutations

You are immune to sickness and miasma.
Your stone body is resilient. (AC +4)
You are immune to poison.
You resist negative energy. (rN+)
You are resistant to electric shocks. (rElec)
You are resistant to unholy torment.
You are immune to petrification.


Message History

The blast of sand misses Duvessa.
Duvessa says, "Where magic fails, the sword succeeds!"
Duvessa hits you with a +0 short sword.
Casting: Sandblast (safe; 3% risk of failure)
Confirm with . or Enter, or press ? or * to list all spells.
Aiming: Sandblast (safe; 3% risk of failure)
Press: ? - help, Shift-Dir - straight line, f/p - Duvessa
Aim: Duvessa, wielding a +0 short sword and wearing a +0 leather armour (82% to hit)
The blast of sand hits Duvessa but does no damage.
Dowan gestures wildly while chanting.
Dowan blinks!
Duvessa hits you with a +0 short sword. Something hits you.
Casting: Sandblast (safe; 3% risk of failure)
Confirm with . or Enter, or press ? or * to list all spells.
Aiming: Sandblast (safe; 3% risk of failure)
Press: ? - help, Shift-Dir - straight line, f/p - Duvessa
Aim: Duvessa, wielding a +0 short sword and wearing a +0 leather armour (82% to hit)
The blast of sand hits Duvessa but does no damage.
Duvessa hits you with a +0 short sword.
Unknown command.
Unknown command.
Casting: Sandblast (safe; 3% risk of failure)
Confirm with . or Enter, or press ? or * to list all spells.
Aiming: Stone Arrow (quite dangerous; 17% risk of failure)
Press: ? - help, Shift-Dir - straight line, f/p - Duvessa
Aim: Duvessa, wielding a +0 short sword and wearing a +0 leather armour (72% to hit)
You miscast Stone Arrow.
You are very lightly contaminated with residual magic.
Nothing appears to happen.
Something hits you.
* * * LOW HITPOINT WARNING * * *
Dowan hits you with a +0 dagger.
* * * LOW HITPOINT WARNING * * *
Duvessa barely misses you.
Casting: Stone Arrow (quite dangerous; 17% risk of failure)
Confirm with . or Enter, or press ? or * to list all spells.
Aiming: Sandblast (safe; 3% risk of failure)
Press: ? - help, Shift-Dir - straight line, f/p - Duvessa
Aim: Duvessa, wielding a +0 short sword and wearing a +0 leather armour (82% to hit)
The blast of sand hits Duvessa but does no damage.
Dowan hits you with a +0 dagger.
You die...

#..#######.#.#.#.
#...........>...#
#.......@#.#.#.#..
#.)####.........
#..# #.e#e#.#.#
#..####..........
#........#.#.#.###
##.####.......)..
#.e@e.).......##
#..##.#.#.##..#
#..#.###(..#..#
#...# #.....#
..... ..##.
###.##. .# #.# ..
## #.# #. #.. ..


You could see Duvessa and Dowan.

Vanquished Creatures
  Terence (D:3)
  7 adders
  A worm (D:3)
  An orc (D:3)
  9 ball pythons
  12 endoplasms
  4 giant cockroaches (D:1)
  6 goblins
  6 hobgoblins
  7 jackals
  2 quokkas (D:2)
  5 bats
  4 frilled lizards
  8 kobolds
  7 rats
80 creatures vanquished.

Notes
Turn   | Place    | Note
-------+----------+-------------------------------------------
     0 | D:1      | Kaptain the Gargoyle Earth Elementalist began the quest for
                  | the Orb.
     0 | D:1      | Reached XP level 1. HP: 10/10 MP: 3/3
   123 | D:1      | Reached XP level 2. HP: 2/16 MP: 0/5
   745 | D:1      | Found a faded altar of an unknown god.
   823 | D:1      | Reached skill level 1 in Fighting
   986 | D:1      | Reached skill level 1 in Conjurations
   988 | D:1      | Reached XP level 3. HP: 20/20 MP: 1/6
  1050 | D:1      | Learned a level 3 spell: Stone Arrow
  1282 | D:1      | Reached skill level 4 in Earth Magic
  1682 | D:2      | Reached XP level 4. HP: 24/26 MP: 3/7
  1744 | D:2      | Found Qaovigah's Book Shoppe.
  1754 | D:2      | Reached skill level 1 in Armour
  1862 | D:2      | Found Ameuc's Magic Scroll Emporium.
  1872 | D:2      | Bought a scroll of identify for 28 gold pieces
  3047 | D:3      | Reached XP level 5. HP: 30/30 MP: 1/8
  3128 | D:3      | Noticed Terence
  3149 | D:3      | Killed Terence
  3279 | D:3      | Found a snail-covered altar of Cheibriados.
  3361 | D:3      | Found a broken altar of Ashenzari.
  3492 | D:3      | Found a shimmering altar of Xom.
  4760 | D:4      | Noticed Dowan
  4762 | D:4      | Noticed Duvessa
  4764 | D:4      | Noticed Sigmund
  4974 | D:4      | Slain by Dowan

Illustrated notes

Levels and vault maps discovered:
D:1:      arrival_zaba_pyramid, layout_rooms,
          hellmonk_ecumenical_altar_pennies_from_heaven,
          hangedman_abyss_or_decor_lesser_grid
D:2:      layout_loops_corners, serial_shops, nicolae_shop_behind_doors,
          nicolae_shop_stone, minmay_fountain_box, kennysheep_generic_room_4
D:3:      layout_loops_ring, pf_just_have_faith, minitemple,
          roderic_serpentine_path, minivault_24, uniq_terence
D:4:      minmay_spotlight, layout_loops_ring, lemuel_crystal_altar,
          serial_rivers, chequers_serial_rivers_room_a,
          chequers_serial_rivers_micro_d, chequers_serial_rivers_micro_c,
          chequers_serial_rivers_room_b, chequers_serial_rivers_large_a,
          chequers_serial_rivers_micro_a, st_stairs_12,
          chequers_hall_statues_corner_a, uniq_duvessa, uniq_sigmund

Skill      XL: |  1  2  3  4  5 |
---------------+----------------+-----
Fighting       | 1 2 |  2.4
Conjurations   | 1 2 |  2.3
Earth Magic    | 4 |  4.5
Armour         | 1 |  1.4
Dodging        | |  1.9
Stealth        | |  2.1
Spellcasting   | |  2.8
Transmutations | |  0.7

Action                   |  1- 3 |  4- 6 || total
-------------------------+-------+-------++-------
Melee: Unarmed           |     5 |       ||     5
       Dagger            |    21 |    83 ||   104
       Short sword       |       |     5 ||     5
 Cast: Sandblast         |    48 |    25 ||    73
       Stone Arrow       |       |    31 ||    31
  Use: Scroll            |       |     1 ||     1
 Stab: Sleeping          |       |     2 ||     2
Armor: Robe              |     7 |       ||     7
       Leather armour    |    11 |    67 ||    78
Dodge: Dodged            |    24 |    75 ||    99
